 Dungeon Crawl Stone Soup version 0.23.2-1-ga50397a6bc (webtiles) character file.

Game seed: 5081843782995251023

46 LostNumber the Insei (level 3, 0/18 HPs)
             Began as a Vine Stalker Transmuter on Apr 23, 2019.
             Slain by an adder (3 damage)
             ... on level 2 of the Dungeon.
             The game lasted 00:02:13 (1096 turns).

LostNumber the Insei (Vine Stalker Transmuter)      Turns: 1096, Time: 00:02:14

Health: 0/18       AC:  2    Str: 12    XL:     3   Next: 68%
Magic:  0/7        EV: 12    Int: 14    God:
Gold:   51         SH:  0    Dex: 14    Spells: 0/6 levels left

rFire    . . .     SeeInvis .     - Unarmed
rCold    . . .     Gourm    .   (no shield)
rNeg     . . .     Faith    .   b - +0 robe
rPois    .         Spirit   +   (no helmet)
rElec    .         Reflect  .   (no cloak)
rCorr    .         Harm     .   (no gloves)
MR       .....                  (no boots)
Stlth    +.........             (no amulet)
HPRegen  0.06/turn              (no ring)
MPRegen  0.10/turn              (no ring)

@: lethally poisoned (0 -> -9), appendage (expiring)
A: fangs 2, horns 2, magic shield, antimagic bite, no potion heal 3, rot
immunity
a: End Transformation


You were on level 2 of the Dungeon.
You were not hungry.
You had grown temporary horns.
You visited 1 branch of the dungeon, and saw 2 of its levels.

You collected 51 gold pieces.

Inventory:

Missiles
 a - 15 arrows
Armour
 b - a +0 robe (worn)
Scrolls
 f - a scroll of fear {unknown}
 h - a scroll of enchant weapon {unknown}
 i - a scroll of remove curse {unknown}
 k - a scroll of identify {unknown}
Potions
 d - a potion of degeneration {unknown}
 g - 2 potions of heal wounds {unknown}
 j - 2 potions of brilliance {unknown}
Comestibles
 c - a chunk of flesh
 e - 4 rations {!d}


   Skills:
 + Level 1.6 Fighting
 - Level 1.5 Dodging
 * Level 3.9 Unarmed Combat
 - Level 2.1 Spellcasting
 + Level 2.5 Transmutations


You couldn't memorise any spells.
You knew the following spells:

 Your Spells              Type           Power        Failure   Level  Hunger
a - Beastly Appendage     Tmut           #.....       9%          1    #......
s - Sticks to Snakes      Tmut           #.......     12%         2    ###....
x - Spider Form           Tmut/Pois      #.........   38%         3    ###....

Your spell library contained the following spells:

 Spells                   Type           Power        Failure   Level  Hunger
 Ice Form                 Ice/Tmut       #.......     80%         4    #####..
 Blade Hands              Tmut           #.........   92%         5    ######.


Dungeon Overview and Level Annotations

Branches:
Dungeon (2/15)

Altars:

Annotations:
D:2 Sigmund


Innate Abilities, Weirdness & Mutations

You have extremely sharp teeth.
When hurt, damage is shared between your health and your magic reserves.
Your bite disrupts and absorbs the magic of your enemies.
Potions cannot restore your health.
You are immune to rotting.
You have a pair of horns on your head.


Message History

Found 6 gold pieces.
A hobgoblin comes into view.
You see here a ration {!d}.
A hobgoblin is nearby!
A hobgoblin is nearby!
Casting: Sticks to Snakes (safe; 12% risk of failure)
You grow a pair of large bovine horns.
The hobgoblin closely misses you.
You barely miss the hobgoblin. Your bite misses the hobgoblin.
The hobgoblin hits you.
You closely miss the hobgoblin. You headbutt the hobgoblin.
Your ball python closely misses the hobgoblin. x2
The hobgoblin hits you.
Your ball python bites the hobgoblin but does no damage.
Your ball python grabs the hobgoblin.
Your ball python constricts the hobgoblin.
You hit the hobgoblin. You headbutt the hobgoblin.
You kill the hobgoblin!
No target in view!
No target in view!
An adder comes into view.
Your ball python withers and dies!
Found a bronze ring.
You see here a hobgoblin corpse.
The adder bites you.
* * * LOW HITPOINT WARNING * * *
You are poisoned.
The adder poisons you! The adder completely misses you.
You create a snake!
You now have 15 arrows.
You feel sick. The adder bites you.
Unknown command.
Unknown command.
Unknown command.
You barely miss the adder. Your bite misses the adder.
You feel sick. The adder closely misses you.
Your ball python closely misses the adder.
Your ball python barely misses the adder.
The adder bites you.
* * * LOW HITPOINT WARNING * * *
You are more poisoned.
The adder poisons you!
You miss the adder.
Your ball python bites the adder.
Your ball python closely misses the adder.
The adder barely misses you.
You barely miss the adder.
You headbutt the adder, but do no damage.
Your transformation is almost over.
* * * LOW HITPOINT WARNING * * *
You feel sick.
Your ball python bites the adder.
Your ball python barely misses the adder.
The adder bites you.
You die...

### .?...## ....... #####
######## .......
.....###......### #+#+###
............=...#####.
....#...#.S#..........
##.
......$..@.S......[......
##.#.....................
#.#.†########..###.#.##.
#.......................
###.%..####......#......
+....+..'........#.##.
#....####........#....
#....####....÷........
#...........(..#.#....


You could see an adder and a friendly ball python.

Vanquished Creatures
  2 adders (D:2)
  5 bats (D:1)
  A giant cockroach (D:1)
  A goblin (D:1)
  4 hobgoblins
  2 kobolds (D:2)
  2 frilled lizards (D:1)
  7 rats
24 creatures vanquished.

Vanquished Creatures (collateral kills)
  An adder (D:2)
  A frilled lizard (D:2)
2 creatures vanquished.

Grand Total: 26 creatures vanquished

Notes
Turn   | Place    | Note
-------+----------+-------------------------------------------
     0 | D:1      | LostNumber the Vine Stalker Transmuter began the quest for
                  | the Orb.
     0 | D:1      | Reached XP level 1. HP: 9/9 MP: 4/4
    74 | D:1      | Reached skill level 1 in Fighting
   142 | D:1      | Reached XP level 2. HP: 14/14 MP: 6/6
   158 | D:1      | Learned a level 2 spell: Sticks to Snakes
   564 | D:2      | Noticed Sigmund
   675 | D:2      | Reached XP level 3. HP: 17/18 MP: 3/7
   680 | D:2      | Learned a level 3 spell: Spider Form
  1096 | D:2      | Slain by an adder

Skill      XL: |  1 |
---------------+----+-----
Fighting       | 1 |  1.6
Dodging        | |  1.5
Unarmed Combat | |  3.9
Spellcasting   | |  2.1
Transmutations | |  2.5

Action                   || total
-------------------------++-------
Melee: Unarmed           ||    70
       Bite              ||    11
       Headbutt          ||     4
       Punch             ||     2
 Cast: Beastly Appendage ||     4
       Sticks to Snakes  ||     7
  Eat: Chunk             ||     1
Armor: Robe              ||    24
Dodge: Dodged            ||    55
